 Dungeon Crawl Stone Soup version 0.30.1-11-g7821555f0a (webtiles) character file.

Game seed: 15683182718243325573

80 Okkudo the Chopper (level 4, -3/41 HPs)
             Began as a Hill Orc Monk on Dec 6, 2023.
             Slain by a scorpion (6 damage)
             ... on level 3 of the Dungeon.
             The game lasted 00:04:40 (1853 turns).

Okkudo the Chopper (Hill Orc Monk)                  Turns: 1853, Time: 00:04:41

Health: -3/41      AC:  6    Str: 15    XL:     4   Next: 39%
Magic:  4/4        EV:  9    Int: 10    God:
Gold:   116        SH:  5    Dex: 13    Spells: 3/3 levels left

rFire   . . .        a - +0 hand axe
rCold   . . .        l - +2 buckler
rNeg    . . .        n - +0 scale mail
rPois   .            (no helmet)
rElec   .            (no cloak)
rCorr   .            (no gloves)
SInv    .            (no boots)
Will    +....        (no amulet) Stlth
                     m - ring of willpower
HPRegen 0.26/turn    (no ring)
MPRegen 0.09/turn

%: no passive effects
@: lethally poisoned (-3 -> -13)
A: no striking features
a: no special abilities


You were on level 3 of the Dungeon.
You visited 1 branch of the dungeon, and saw 3 of its levels.

You collected 116 gold pieces.

Inventory:

Hand Weapons
 a - a +0 hand axe (weapon)
Missiles
 j - 9 poisoned darts (quivered)
Armour
 l - a +2 buckler (worn)
 n - a +0 scale mail (worn)
Jewellery
 m - a ring of willpower (left hand)
Scrolls
 d - a scroll of teleportation {unknown}
 g - a scroll of immolation {unknown}
 h - 2 scrolls of identify {unknown}
 i - 4 scrolls of blinking {unknown}
 k - a scroll of silence {unknown}
 o - a scroll of acquirement {unknown}
Potions
 b - 2 potions of mutation {unknown}
 e - a potion of curing {unknown}
 f - a potion of degeneration {unknown}
 p - a potion of flight {unknown}
 q - a potion of lignification {unknown}


   Skills:
 + Level 4.5 Fighting
 * Level 6.0 Axes
 - Level 2.4 Dodging


You had 3 spell levels left.
You didn't know any spells.
Your spell library contained the following spells:

 Spells                   Type           Power      Damage    Failure   Level
 Scorch                   Fire           0%         2d5       97%         2
 Flame Wave               Conj/Fire      0%         2d4       100%        4
 Summon Cactus Giant      Summ           0%         N/A       100%        6


Dungeon Overview and Level Annotations

Branches:
Dungeon (3/15)

Altars:


Message History

Sorry, you're not good enough to have a special ability.
You are confused.
You feel invigorated.
You feel sick.
The scorpion stings you but does no damage.
You bump into the rock wall.
You feel very sick. The scorpion stings you.
* * * LOW HITPOINT WARNING * * *
You are lethally poisoned!
The scorpion poisons you!
You hit the scorpion.
The scorpion is heavily wounded.
* * * LOW HITPOINT WARNING * * *
You feel very sick.
The scorpion stings you but does no damage.
You bump into the rock wall.
* * * LOW HITPOINT WARNING * * *
You feel very sick. The scorpion stings you.
* * * LOW HITPOINT WARNING * * *
You are more poisoned.
The scorpion poisons you! The scorpion barely misses you.
Unknown command.
Unknown command.
Unknown command.
Unknown command.
Unknown command.
The scorpion attacks as you move away! The scorpion stings you.
* * * LOW HITPOINT WARNING * * *
x2 You feel very sick.
You feel less invigorated.
You feel less confused.
* * * LOW HITPOINT WARNING * * *
You feel very sick.
You hit the scorpion.
The scorpion is severely wounded.
* * * LOW HITPOINT WARNING * * *
You feel very sick. The scorpion stings you.
You die...

### ... #########
.# #.# <.......#
#.# #.# #######.#
#.# #.# #.####.#
#.# #...##.# #s#
#### #.#.##.# #@#
...####.#.##.# #.#
##.#....#....###.#
#.#.#######.....#
#......#....###.#
######.#.#### #.#
######.#.# #.#
.........# #.#
#######.## #.#


You could see a scorpion.

Vanquished Creatures
  2 adders (D:2)
  2 worms (D:2)
  An orc (D:3)
  A bat (D:1)
  4 endoplasms
  5 giant cockroaches
  7 goblins
  9 hobgoblins
  3 kobolds
  5 quokkas
  3 ball pythons
  A frilled lizard (D:2)
  5 rats
48 creatures vanquished.

Notes
Turn   | Place    | Note
-------+----------+-------------------------------------------
     0 | D:1      | Okkudo the Hill Orc Monk began the quest for the Orb.
     0 | D:1      | Reached XP level 1. HP: 19/19 MP: 1/1
   162 | D:1      | Reached XP level 2. HP: 22/27 MP: 2/2
   595 | D:1      | Reached skill level 5 in Axes
   686 | D:1      | Reached XP level 3. HP: 32/33 MP: 3/3
   830 | D:2      | Found a faded altar of an unknown god.
  1151 | D:2      | Reached XP level 4. HP: 40/41 MP: 4/4
  1693 | D:3      | Reached skill level 6 in Axes
  1830 | D:3      | Noticed a scorpion
  1853 | D:3      | Slain by a scorpion

Illustrated notes

Levels and vault maps discovered:
D:1:      scummos_arrival_forest, layout_loops_cross, minmay_worlds_worst_comb
D:2:      layout_rooms, hellmonk_ecumenical_altar_leap_of_faith
D:3:      layout_loops_ring, mainiacjoe_overflow_six_doors_small, serial_shops,
          nicolae_shop_tiny_statue_garden

Skill      XL: |  1  2  3  4 |
---------------+-------------+-----
Fighting       | 4 |  4.5
Axes           | 5 6 |  6.0
Dodging        | |  2.4

Action                     |  1- 3 |  4- 6 || total
---------------------------+-------+-------++-------
  Melee: Hand axe          |   144 |    70 ||   214
  Throw: Dart              |     1 |       ||     1
    Use: Potion            |       |     1 ||     1
 Armour: Leather armour    |    26 |     2 ||    28
         Robe              |     3 |       ||     3
         Scale mail        |       |    16 ||    16
  Dodge: Dodged            |    91 |    19 ||   110
  Block: Buckler           |    22 |    19 ||    41
